 Dungeon Crawl Stone Soup version 0.17-a0-1646-geb1493d (webtiles) character file.

10108 karlkraus the Blocker (level 11, -1/95 HPs)
             Began as a Minotaur Fighter on Aug 11, 2015.
             Was an Elder of Qazlal.
             Slain by an unseen horror (7 damage)
             ... on level 10 of the Dungeon.
             The game lasted 00:27:55 (8355 turns).

karlkraus the Blocker (Minotaur Fighter)            Turns: 8355, Time: 00:27:55

Health: -1/95      AC: 10    Str: 27      XL:     11   Next: 31%
Magic:  10/10      EV: 17    Int:  4 (5)  God:    Qazlal [****..]
Gold:   545        SH: 20    Dex: 13      Spells: 0 memorised, 10 levels left

rFire  . . .     SeeInvis .     s - +1 mace (protect)
rCold  + . .     Clarity  .     g - +1 leather armour of the Doldrums {Str+3}
rNeg   . . .     SustAt   .     c - +1 shield
rPois  .         Gourm    .     (helmet unavailable)
rElec  .         Spirit   .     L - +1 cloak
rCorr  .         Warding  .     (no gloves)
rMut   .         Stasis   +     (no boots)
MR     +....                    d - amulet of stasis
Stlth  +.........               x - +3 ring of strength
                                G - ring of protection from magic

@: repel missiles, somewhat resistant to hostile enchantments, very unstealthy
A: retaliatory headbutt, horns 3, berserk 1, cold resistance 1, deformed body,
deterioration 2
a: Upheaval, Elemental Force, Renounce Religion


You were on level 10 of the Dungeon.
You worshipped Qazlal.
Qazlal was greatly pleased with you.
You were very hungry.

You visited 2 branches of the dungeon, and saw 11 of its levels.
You also visited: Sewer.

You collected 617 gold pieces.
You spent 72 gold pieces at shops.

Inventory:

Hand weapons
 f - a +2 flail of protection
 s - a +1 mace of protection (weapon)
 P - a +2 mace of holy wrath
Armour
 c - a +1 shield (worn)
 g - the +1 leather armour of the Doldrums (worn) {Str+3}
   (You found it on level 4 of the Dungeon)

   It affects your strength (+3).
 y - a troll hide
 L - a +1 cloak (worn)
Jewellery
 d - an amulet of stasis (around neck)
 r - an uncursed ring of invisibility
 x - a +3 ring of strength (right hand)
 z - an uncursed ring of sustain attributes
 G - a ring of protection from magic (left hand)
Magical devices
 F - a wand of digging (16)
 J - a wand of flame (1)
Scrolls
 a - 2 scrolls of recharging
 b - a scroll of random uselessness {unknown}
 j - 7 scrolls of teleportation
 l - a scroll of remove curse
 m - 3 scrolls of magic mapping
 t - 3 scrolls of amnesia
 B - a scroll of enchant weapon
 C - 2 scrolls of blinking
 D - 4 scrolls of identify
 K - a scroll of immolation {unknown}
 M - a scroll of enchant armour
Potions
 h - 2 potions of haste
 k - 2 potions of curing
 o - 5 potions of magic
 u - a potion of beneficial mutation {unknown}
 v - a potion of resistance {unknown}
 w - 2 potions of brilliance {unknown}
 A - a potion of degeneration {unknown}
 H - a potion of lignification {unknown}
 I - a potion of flight {unknown}
Books
 E - a book of Hinderance

   Spells                             Type                      Level
   a - Confusing Touch                Hexes                        2
   b - Confuse                        Hexes                        3
   c - Gell's Gravitas                Hexes/Translocation          3
   d - Petrify                        Transmutation/Earth          4
   e - Metabolic Englaciation         Hexes/Ice                    5
 N - the Tome of Shifting Intoxication
   (You found it on level 10 of the Dungeon)

   Spells                             Type                      Level
   a - Sting                          Conjuration/Poison           1
   b - Cure Poison                    Poison                       2
   c - Spider Form                    Transmutation/Poison         3
   d - Olgreb's Toxic Radiance        Poison                       4
   e - Alistair's Intoxication        Transmutation/Poison         4
 O - a book of Geomancy

   Spells                             Type                      Level
   a - Sandblast                      Earth                        1
   b - Stoneskin                      Transmutation/Earth          2
   c - Passwall                       Transmutation/Earth          3
   d - Stone Arrow                    Conjuration/Earth            3
   e - Petrify                        Transmutation/Earth          4
   f - Lee's Rapid Deconstruction     Earth                        5
 R - a book of Ice

   Spells                             Type                      Level
   a - Ice Form                       Ice/Transmutation            4
   b - Metabolic Englaciation         Hexes/Ice                    5
   c - Ozocubu's Refrigeration        Ice                          6
   d - Bolt of Cold                   Conjuration/Ice              6
   e - Freezing Cloud                 Conjuration/Ice/Air          6
   f - Simulacrum                     Ice/Necromancy               6
Comestibles
 e - 4 bread rations
 i - 3 slices of pizza
 n - 3 meat rations
 p - 2 royal jellies
 q - 2 beef jerkies
 Q - a fruit


   Skills:
 + Level 8.5 Fighting
 + Level 9.0 Maces & Flails
 + Level 6.1 Armour
 + Level 10.9 Dodging
 + Level 2.5 Stealth
 + Level 12.2 Shields


You had 10 spell levels left.
You didn't know any spells.

Dungeon Overview and Level Annotations

Branches:
Dungeon (10/15)            Temple (1/1) D:4            Lair (0/8) D:10
    Orc (0/4) D:10

Altars:
Ashenzari
Dithmenos
Elyvilon
Fedhas
Kikubaaqudgha
Nemelex Xobeh
Qazlal
Vehumet
Xom
Yredelemnul
Zin
The Shining One
Beogh

Shops:
D:5 ?   D:9 %


Innate Abilities, Weirdness & Mutations

You reflexively headbutt those who attack you in melee.
You have a pair of large horns on your head.
You tend to lose your temper in combat.
Your flesh is cold resistant.
Armour fits poorly on your strangely shaped body.
Your body often deteriorates upon taking damage.


Message History

Something barely misses you.
You see here a fruit.
Something barely misses you. You block its attack.
You see here a fruit.
Something hits you!
* * * LOW HITPOINT WARNING * * *
There is an open door here.
You see here 3 bread rations.
Drink which item? (? for menu, Esc to quit)
You feel better. Something hits you but does no damage. Something hits you.
* * * LOW HITPOINT WARNING * * *
There is an open door here.
Something barely misses you.
You see here a fruit.
Something barely misses you. Something hits you.
* * * LOW HITPOINT WARNING * * *
Something hits you!
You die...

##....###..# ##.## ##.##
###....##..# #..### ##..#
.##.....#..## ##....###..##
..##........# #.......ยง..#
...#........## ###..........#
....#........####...........##
#............##....########..##
##.......).....####### ##..###
##............#@.%'%# ##.....
###........##..#%%%#.# #...!..
...............#'##### #...#..
...............#.....# ##..####
...............##...## #...# #
...............#.###.# ##..##
......>........##...## #..##
...............###.## ##..#
............(..##...# #..##


There were no monsters in sight!

Vanquished Creatures
  Snorg (D:10)
  Erolcha (D:9)
  A hill giant (D:9)
  Pikel (D:5)
  A centaur zombie (D:10)
  Maurice (D:9)
  Joseph (D:7)
  A spiny frog (D:10)
  A troll (D:9)
  A two-headed ogre (D:8)
  Grinder (D:4)
  A blink frog (D:10)
  6 yaks (D:9)
  Sigmund (D:5)
  A wyvern (D:10)
  A shadow (D:8)
  4 wolves (D:8)
  Grum (D:8)
  A hungry ghost (D:10)
  A hippogriff (D:9)
  3 orc warriors
  Purgy (Sewer)
  An ice beast (D:7)
  3 phantoms
  An ogre (D:9)
  4 centaurs
  A crocodile (D:10)
  A big kobold (D:9)
  A giant frog (D:7)
  A gnoll sergeant (D:9)
  3 scorpions
  7 wights
  4 killer bees
  5 spriggan skeletons (D:10)
  3 crimson imps
  A giant frog zombie (D:9)
  3 jellies
  A quasit (D:9)
  3 hounds
  5 orc priests
  3 giant frog skeletons
  4 worker ants
  5 orc wizards
  2 hell rats (D:6)
  2 hound zombies (D:9)
  13 adders
  3 gnolls (D:9)
  7 river rats (D:6)
  2 shadow imps
  An ooze (D:2)
  An adder skeleton (D:7)
  2 worms
  7 giant geckos
  29 orcs
  5 giant cockroaches
  9 hobgoblins
  12 jackals
  6 quokkas
  3 ball pythons
  12 bats
  A giant gecko skeleton (D:3)
  2 giant gecko zombies (D:7)
  4 giant newts
  8 goblins
  A jackal zombie (D:8)
  8 kobolds
  31 rats
263 creatures vanquished.

Vanquished Creatures (others)
  An orc (D:7)
1 creature vanquished.

Grand Total: 264 creatures vanquished

Notes
Turn   | Place    | Note
--------------------------------------------------------------
     0 | D:1      | karlkraus the Minotaur Fighter began the quest for the Orb.
     0 | D:1      | Reached XP level 1. HP: 19/19 MP: 0/0
   172 | D:1      | Reached XP level 2. HP: 27/27 MP: 1/1
   339 | D:1      | Reached skill level 4 in Fighting
   603 | D:2      | Reached XP level 3. HP: 33/33 MP: 2/2
   783 | D:2      | Reached skill level 1 in Dodging
  1015 | D:2      | Reached XP level 4. HP: 35/40 MP: 3/3
  1341 | D:2      | Gained mutation: You have a pair of large horns on your head. [potion of mutation]
  1341 | D:2      | Gained mutation: Your body sometimes deteriorates upon taking damage. [potion of mutation]
  1341 | D:2      | Gained mutation: Your body often deteriorates upon taking damage. [potion of mutation]
  1536 | D:3      | Found a shadowy altar of Dithmenos.
  1623 | D:3      | Found a shattered altar of Ashenzari.
  1792 | D:3      | Reached XP level 5. HP: 47/47 MP: 4/4
  1918 | D:4      | Reached skill level 5 in Shields
  2002 | D:4      | Got a bloodstained leather armour
  2013 | D:4      | Identified the cursed +1 leather armour of the Doldrums {Str+3} (You found it on level 4 of the Dungeon)
  2055 | D:4      | Found a glowing drain.
  2068 | Sewer    | Entered a sewer
  2099 | Sewer    | Noticed Purgy
  2113 | Sewer    | Killed Purgy
  2113 | Sewer    | Reached XP level 6. HP: 23/55 MP: 5/5
  2262 | D:4      | Found a staircase to the Ecumenical Temple.
  2290 | D:4      | Noticed Grinder
  2294 | D:4      | Paralysed by Grinder for 5 turns
  2305 | D:4      | Killed Grinder
  2305 | D:4      | Reached skill level 5 in Fighting
  2305 | D:4      | Reached XP level 7. HP: 17/61 MP: 6/6
  2328 | Temple   | Entered the Ecumenical Temple
  2339 | Temple   | Became a worshipper of Qazlal Stormbringer
  2549 | D:4      | Noticed a phantom
  2556 | D:4      | Killed a phantom
  2556 | D:4      | Reached skill level 5 in Armour
  2620 | D:4      | Reached skill level 6 in Shields
  2874 | D:5      | Entered Level 5 of the Dungeon
  2874 | D:5      | Found an ancient bone altar of Kikubaaqudgha.
  2884 | D:5      | Noticed Pikel
  2896 | D:5      | HP: 3/61 [slave[Pikel] (5)]
  2897 | D:5      | Killed Pikel
  2897 | D:5      | Reached skill level 5 in Maces & Flails
  2897 | D:5      | Reached skill level 5 in Dodging
  2897 | D:5      | Reached skill level 7 in Shields
  2897 | D:5      | Reached XP level 8. HP: 3/70 MP: 7/7
  3155 | D:5      | Noticed Sigmund
  3168 | D:5      | Killed Sigmund
  3173 | D:5      | Found Haerinaw's Magic Scroll Shop.
  3185 | D:5      | Bought 3 scrolls of identify for 72 gold pieces
  3586 | D:6      | Acquired Qazlal's first power
  3752 | D:6      | Found a white marble altar of Elyvilon.
  3912 | D:6      | Acquired Qazlal's second power
  4229 | D:7      | Noticed Joseph
  4237 | D:7      | Killed Joseph
  4237 | D:7      | Reached skill level 1 in Stealth
  4237 | D:7      | Reached skill level 8 in Shields
  4237 | D:7      | Reached XP level 9. HP: 76/78 MP: 8/8
  4476 | D:7      | Found a shimmering altar of Xom.
  4495 | D:7      | Found a glowing golden altar of the Shining One.
  4988 | D:8      | Found a radiant altar of Vehumet.
  5298 | D:8      | Noticed Grum
  5299 | D:8      | Acquired Qazlal's third power
  5299 | D:8      | Reached skill level 9 in Shields
  5317 | D:8      | Killed Grum
  5755 | D:8      | Reached XP level 10. HP: 77/86 MP: 9/9
  6004 | D:9      | Noticed Maurice
  6024 | D:9      | Killed Maurice
  6024 | D:9      | Reached skill level 10 in Shields
  6025 | D:9      | Noticed Erolcha
  6037 | D:9      | Killed Erolcha
  6088 | D:9      | Gained mutation: You tend to lose your temper in combat. [potion of mutation]
  6088 | D:9      | Gained mutation: Your flesh is cold resistant. [potion of mutation]
  6088 | D:9      | Gained mutation: Armour fits poorly on your strangely shaped body. [potion of mutation]
  6108 | D:9      | Found a sparkling altar of Nemelex Xobeh.
  6233 | D:9      | Acquired Qazlal's fourth power
  6359 | D:9      | Noticed a hill giant
  6386 | D:9      | Killed a hill giant
  6386 | D:9      | Reached skill level 10 in Dodging
  6386 | D:9      | Reached skill level 11 in Shields
  6591 | D:9      | Found Taul Mog's Food Shop.
  6952 | D:10     | Entered Level 10 of the Dungeon
  6952 | D:10     | Found a staircase to the Lair.
  6978 | D:10     | Reached XP level 11. HP: 71/95 MP: 10/10
  6997 | D:10     | Identified the Tome of Shifting Intoxication
  7164 | D:10     | Found a staircase to the Orcish Mines.
  7885 | D:10     | Found a roughly hewn altar of Beogh.
  7933 | D:10     | Noticed Snorg
  7944 | D:10     | Killed Snorg
  7944 | D:10     | Reached skill level 12 in Shields
  8349 | D:10     | HP: 1/95 [something (7)]
  8355 | D:10     | Slain by an unseen horror

Vault maps used:
D:1:      minmay_arrival_glassed_features
D:2:      minmay_door_path, minmay_misc_feat_nine_boxes, minmay_misc_feat_plants
D:3:      overflow_temple_1_default, overflow_temple_1_default, first_bread
D:4:      minmay_temple_entry_large_hall, portal_sewer_entry_c, uniq_grinder
D:5:      serial_shops, kennysheep_mini, basic_altar,
          eino_small_chamber_without_monster, uniq_sigmund, uniq_pikel
D:6:      lemuel_ratsnest, overflow_temple_1_default
D:7:      xom_confusion_cloud, old_standard_altar, st_stairs_5, uniq_joseph
D:8:      lemuel_crystal_altar, uniq_grum
D:9:      nemelex_deck, serial_shops, nicolae_shop_trees, uniq_maurice,
          uniq_erolcha
D:10:     dpeg_lair_monsters, minmay_orc_entry_temple_small,
          hangedman_tell_no_tales, grunt_dithmenos_shadows, uniq_snorg
Temple:   circular_temple_pool_12
Sewer:    sewer_co_purgy_island

Action                   |  1- 3 |  4- 6 |  7- 9 | 10-12 || total
-------------------------+-------+-------+-------+-------++-------
Melee: Flail             |    94 |     4 |       |       ||    98
       Mace              |       |   123 |   239 |   313 ||   675
  Use: Scroll            |       |    11 |     8 |     1 ||    20
       Potion            |       |     2 |     1 |     6 ||     9
 Stab: Invisible         |       |       |       |     2 ||     2
  Eat: Chunk             |       |     4 |     9 |     9 ||    22
       Royal jelly       |       |       |     1 |       ||     1
